TOP OF THE 1ST |
El Dorado Oilers batting - Pitching for Greenville 84s : LHP Sam Kettley
|
Pitching: LHP Sam Kettley
|
|
Batting: SHB Theron Harper
|
0-0: Ball 1-0: Ball 2-0: Called Strike 2-1: Ball 3-1: Foul Ball, location: 2F 3-2: Foul Ball, location: 2F 3-2: Fly out, F9 (Flyball, 89M)
|
Batting: RHB Sixto Vélez
|
0-0: Ball 1-0: Ground out 6-3 (Groundball, 4M)
|
Batting: LHB Tony Abete
|
0-0: Ball 1-0: Foul Ball, location: 2F 1-1: Swinging Strike 1-2: Ball 2-2: Strikes out swinging
|
Top of the 1st over - 0 run(s), 0 hit(s), 0 error(s), 0 left on base; El Dorado 0 - Greenville 0 |
BOTTOM OF THE 1ST |
Greenville 84s batting - Pitching for El Dorado Oilers : RHP Jorge Salazar
|
Pitching: RHP Jorge Salazar
|
|
Batting: LHB Paco Rosas
|
0-0: Foul Ball, location: 2F 0-1: Ball 1-1: Ball 2-1: Ball 3-1: Called Strike 3-2: SINGLE (Groundball, 6D)
|
Batting: LHB Chris Moore
|
0-0: Ball 1-0: Swinging Strike Balk! Paco Rosas to second 1-1: Ball 2-1: Swinging Strike 2-2: Strikes out swinging
|
Batting: RHB Enzo Díaz
|
0-0: SINGLE (Line Drive, 9S) Paco Rosas to third Runner from 3rd tries for Home, SAFE, throw made home Enzo Díaz to second
|
Now in RF: Ashley Pickhills
|
|
Batting: LHB Brock Larsen
|
0-0: Foul Ball, location: 2F 0-1: Ball 1-1: Fly out, F8 (Flyball, 78M)
|
Batting: RHB Vic Langlois
|
0-0: Foul Ball, location: 2F 0-1: Called Strike 0-2: Strikes out looking
|
Bottom of the 1st over - 1 run(s), 2 hit(s), 0 error(s), 1 left on base; El Dorado 0 - Greenville 1 |
TOP OF THE 2ND |
El Dorado Oilers batting - Pitching for Greenville 84s : LHP Sam Kettley
|
Batting: RHB Valentín Borges
|
0-0: Swinging Strike 0-1: Foul Ball, location: 2F 0-2: Ball 1-2: Foul Ball, location: 2F 1-2: Ball 2-2: Ball 3-2: Foul Ball, location: 2F 3-2: Foul Ball, location: 2F 3-2: Strikes out looking
|
Batting: LHB José Hernández
|
0-0: Ball 1-0: Ball 2-0: Ball 3-0: Called Strike 3-1: DOUBLE (Groundball, 5L)
|
Batting: LHB Ashley Pickhills
|
0-0: Ball 1-0: Swinging Strike 1-1: Foul Ball, location: 2F 1-2: Ground out 3-1 (Groundball, 3D) José Hernández to third
|
Batting: RHB Chris Parker
|
0-0: Called Strike 0-1: Fly out, F8 (Flyball, 8RM)
|
Top of the 2nd over - 0 run(s), 1 hit(s), 0 error(s), 1 left on base; El Dorado 0 - Greenville 1 |
BOTTOM OF THE 2ND |
Greenville 84s batting - Pitching for El Dorado Oilers : RHP Jorge Salazar
|
Batting: LHB Jimmy Vickers
|
0-0: Swinging Strike 0-1: Swinging Strike 0-2: Strikes out looking
|
Batting: LHB Robert Moore
|
0-0: Ball 1-0: Called Strike 1-1: Ground out 4-3 (Groundball, 4)
|
Batting: LHB José Costa
|
0-0: SINGLE (Line Drive, 8RS)
|
Batting: RHB Patrick Potts
|
0-0: Called Strike 0-1: Ball 1-1: Called Strike 1-2: Fly out, F9 (Line Drive, 89S)
|
Bottom of the 2nd over - 0 run(s), 1 hit(s), 0 error(s), 1 left on base; El Dorado 0 - Greenville 1 |
TOP OF THE 3RD |
El Dorado Oilers batting - Pitching for Greenville 84s : LHP Sam Kettley
|
Batting: RHB José Carlos Caraballo
|
0-0: Called Strike 0-1: Ball 1-1: Ball 2-1: Foul Ball, location: 2F 2-2: Foul Ball, location: 2F 2-2: Foul Ball, location: 2F 2-2: Ball 3-2: Foul Ball, location: 2F 3-2: Base on Balls
|
Batting: LHB José Martínez
|
0-0: Ball 1-0: Called Strike 1-1: Ball 2-1: Foul Ball, location: 2F 2-2: Foul Ball, location: 2F 2-2: Strikes out swinging
|
Batting: SHB Theron Harper
|
0-0: Ball 1-0: Ball 2-0: Called Strike 2-1: Fly out, F9 (Flyball, 9LSF)
|
Batting: RHB Sixto Vélez
|
0-0: Ball 1-0: Called Strike 1-1: Ball 2-1: Fly out, F8 (Flyball, 8LD)
|
Top of the 3rd over - 0 run(s), 0 hit(s), 0 error(s), 1 left on base; El Dorado 0 - Greenville 1 |
BOTTOM OF THE 3RD |
Greenville 84s batting - Pitching for El Dorado Oilers : RHP Jorge Salazar
|
Batting: LHB Paco Rosas
|
0-0: Ball 1-0: Called Strike 1-1: Ball 2-1: Ball 3-1: Base on Balls
|
Batting: LHB Chris Moore
|
0-0: Called Strike 0-1: Ball Paco Rosas steals 2nd base 1-1: Called Strike 1-2: Foul Ball, location: 2F 1-2: Ball 2-2: Ball 3-2: Foul Ball, location: 2F 3-2: Foul Ball, location: 2F 3-2: Strikes out swinging
|
Batting: RHB Enzo Díaz
|
0-0: Called Strike 0-1: Ball 1-1: Ground out 4-3 (Groundball, 4) Paco Rosas to third
|
Batting: LHB Brock Larsen
|
0-0: Foul Ball, location: 2F 0-1: Ball 1-1: Ball 2-1: Ball 3-1: DOUBLE (Line Drive, 78D) Paco Rosas scores
|
Batting: RHB Vic Langlois
|
0-0: Called Strike 0-1: Swinging Strike 0-2: Strikes out swinging
|
Bottom of the 3rd over - 1 run(s), 1 hit(s), 0 error(s), 1 left on base; El Dorado 0 - Greenville 2 |
TOP OF THE 4TH |
El Dorado Oilers batting - Pitching for Greenville 84s : LHP Sam Kettley
|
Batting: LHB Tony Abete
|
0-0: Ball 1-0: Called Strike 1-1: Swinging Strike 1-2: SINGLE (Groundball, 4MD)
|
Batting: RHB Valentín Borges
|
0-0: Called Strike 0-1: Ball 1-1: Ball 2-1: Foul Ball, location: 2F 2-2: Strikes out swinging
|
Batting: LHB José Hernández
|
0-0: Ball 1-0: Ball 2-0: Ball 3-0: Base on Balls Tony Abete to second
|
Batting: LHB Ashley Pickhills
|
0-0: Called Strike 0-1: Ball 1-1: Called Strike Tony Abete steals 3rd base José Hernández to second 1-2: Foul Ball, location: 2F 1-2: Foul Ball, location: 2F 1-2: Ground out 6-3 (Groundball, 6) Tony Abete scores
|
Batting: RHB Chris Parker
|
0-0: Called Strike 0-1: Foul Ball, location: 2F 0-2: SINGLE (Line Drive, 89S) José Hernández to third Runner from 3rd tries for Home, throw and OUT!
|
Top of the 4th over - 1 run(s), 2 hit(s), 0 error(s), 1 left on base; El Dorado 1 - Greenville 2 |
BOTTOM OF THE 4TH |
Greenville 84s batting - Pitching for El Dorado Oilers : RHP Jorge Salazar
|
Batting: LHB Jimmy Vickers
|
0-0: Called Strike 0-1: Ball 1-1: Swinging Strike 1-2: Ball 2-2: Foul Ball, location: 2F 2-2: Strikes out looking
|
Batting: LHB Robert Moore
|
0-0: Called Strike 0-1: Ball 1-1: Ball 2-1: Ball 3-1: Fly out, F4 (Popup, 4MD)
|
Batting: LHB José Costa
|
0-0: Ball 1-0: Ground out 6-3 (Groundball, 6)
|
Bottom of the 4th over - 0 run(s), 0 hit(s), 0 error(s), 0 left on base; El Dorado 1 - Greenville 2 |
TOP OF THE 5TH |
El Dorado Oilers batting - Pitching for Greenville 84s : LHP Sam Kettley
|
Batting: RHB José Carlos Caraballo
|
0-0: Ball 1-0: Ball 2-0: Ball 3-0: Base on Balls
|
Batting: LHB José Martínez
|
0-0: Ball 1-0: Foul Ball, location: 2F 1-1: Foul Ball, location: 2F 1-2: Ball 2-2: Ground out 5-3 (Groundball, 56S) José Carlos Caraballo to second
|
Pitching: RHP Sancho Mendoza
|
|
Batting: SHB Theron Harper
|
0-0: Called Strike 0-1: Ball Balk! José Carlos Caraballo to third 1-1: Ball 2-1: Squeeze Bunt - play home, runner scores, batter safe! José Carlos Caraballo scores
|
Batting: RHB Sixto Vélez
|
0-0: SINGLE (Line Drive, 56D) Theron Harper to second
|
Batting: LHB Tony Abete
|
0-0: Called Strike 0-1: Swinging Strike 0-2: Strikes out looking
|
Batting: RHB Valentín Borges
|
0-0: Ball 1-0: Called Strike 1-1: Ball 2-1: Fielders Choice at 2nd, 5-4 (Groundball, 56)
|
Top of the 5th over - 1 run(s), 1 hit(s), 0 error(s), 1 left on base; El Dorado 2 - Greenville 2 |
BOTTOM OF THE 5TH |
Greenville 84s batting - Pitching for El Dorado Oilers : RHP Jorge Salazar
|
Batting: RHB Patrick Potts
|
0-0: Foul Ball, location: 2F 0-1: Called Strike 0-2: Foul Ball, location: 2F 0-2: Foul Ball, location: 2F 0-2: SINGLE (Line Drive, 4D)
|
Batting: LHB Paco Rosas
|
0-0: Ball Patrick Potts steals 2nd base 1-0: Ball 2-0: Called Strike 2-1: Ground out 4-3 (Groundball, 34) Patrick Potts to third
|
Batting: LHB Chris Moore
|
0-0: Called Strike 0-1: Foul Ball, location: 2F 0-2: 2-RUN HOME RUN (Flyball, 9LD), Distance : 323 ft
|
Batting: RHB Enzo Díaz
|
0-0: Ball 1-0: Fly out, F9 (Flyball, 9S)
|
Batting: LHB Brock Larsen
|
0-0: Ball 1-0: Ball 2-0: Ground out U3 (Groundball, 34)
|
Bottom of the 5th over - 2 run(s), 2 hit(s), 0 error(s), 0 left on base; El Dorado 2 - Greenville 4 |
TOP OF THE 6TH |
El Dorado Oilers batting - Pitching for Greenville 84s : RHP Sancho Mendoza
|
Batting: LHB José Hernández
|
0-0: Ball 1-0: Foul Ball, location: 2F 1-1: DOUBLE (Line Drive, 7LM)
|
Batting: LHB Ashley Pickhills
|
0-0: Foul Ball, location: 2F 0-1: Foul Ball, location: 2F 0-2: Ground out 3-1 (Groundball, 34) José Hernández to third
|
Batting: RHB Chris Parker
|
0-0: Called Strike 0-1: Ball 1-1: Fly out, F8 (Flyball, 8RS)
|
Batting: RHB José Carlos Caraballo
|
0-0: Fly out, F8 (Flyball, 8RS)
|
Top of the 6th over - 0 run(s), 1 hit(s), 0 error(s), 1 left on base; El Dorado 2 - Greenville 4 |
BOTTOM OF THE 6TH |
Greenville 84s batting - Pitching for El Dorado Oilers : RHP Jorge Salazar
|
Batting: RHB Vic Langlois
|
0-0: Ball 1-0: Foul Ball, location: 2F 1-1: SINGLE (Groundball, 34D)
|
Batting: LHB Jimmy Vickers
|
0-0: SINGLE (Line Drive, 7S) Vic Langlois to second
|
Batting: LHB Robert Moore
|
0-0: Ball 1-0: Foul Ball, location: 2F 1-1: Ball 2-1: Called Strike 2-2: SINGLE (Groundball, 4D) Vic Langlois to third Jimmy Vickers to second Throwing error, E9 Vic Langlois scores Jimmy Vickers to third Robert Moore to second
|
Batting: LHB José Costa
|
0-0: Intentional Walk
|
Pitching: RHP Rick Grant
|
|
Batting: RHB Patrick Potts
|
0-0: Called Strike 0-1: Fly out, F8 (Flyball, 89D) Runner from 3rd tags up, SCORES, no throw Robert Moore to third
|
Batting: LHB Paco Rosas
|
0-0: Ball 1-0: Grounds into double play, 4-6-3 (Groundball, 4)
|
Bottom of the 6th over - 2 run(s), 3 hit(s), 1 error(s), 1 left on base; El Dorado 2 - Greenville 6 |
TOP OF THE 7TH |
El Dorado Oilers batting - Pitching for Greenville 84s : RHP Sancho Mendoza
|
Batting: LHB José Martínez
|
0-0: Called Strike 0-1: Swinging Strike 0-2: Ball 1-2: Fly out, F2 (Popup, 5S)
|
Batting: SHB Theron Harper
|
0-0: Ball 1-0: Ball 2-0: Ball 3-0: Base on Balls
|
Batting: RHB Sixto Vélez
|
0-0: Ball 1-0: Called Strike 1-1: Ball 2-1: Swinging Strike 2-2: Strikes out swinging
|
Batting: LHB Tony Abete
|
0-0: Called Strike 0-1: Ball 1-1: 2-RUN HOME RUN (Flyball, 78XD), Distance : 402 ft
|
Pitching: RHP Kenshin Kubota
|
|
Batting: RHB Valentín Borges
|
0-0: Ball 1-0: Foul Ball, location: 2F 1-1: Foul Ball, location: 2F 1-2: Ground out 6-3 (Groundball, 6)
|
Top of the 7th over - 2 run(s), 1 hit(s), 0 error(s), 0 left on base; El Dorado 4 - Greenville 6 |
BOTTOM OF THE 7TH |
Greenville 84s batting - Pitching for El Dorado Oilers : RHP Rick Grant
|
Batting: LHB Chris Moore
|
0-0: Ball 1-0: Fly out, F8 (Flyball, 8LM)
|
Batting: RHB Enzo Díaz
|
0-0: Foul Ball, location: 2F 0-1: Ball 1-1: Swinging Strike 1-2: Fly out, F8 (Line Drive, 78M)
|
Batting: LHB Brock Larsen
|
0-0: Foul Ball, location: 2F 0-1: Ball 1-1: Reached on error, E3 (Groundball, 34)
|
Batting: RHB Vic Langlois
|
0-0: Called Strike 0-1: Ground out 5-3 (Groundball, 5S)
|
Bottom of the 7th over - 0 run(s), 0 hit(s), 1 error(s), 1 left on base; El Dorado 4 - Greenville 6 |
TOP OF THE 8TH |
El Dorado Oilers batting - Pitching for Greenville 84s : RHP Kenshin Kubota
|
Batting: LHB José Hernández
|
0-0: Foul Ball, location: 2F 0-1: Swinging Strike 0-2: Ball 1-2: Strikes out swinging
|
Batting: LHB Ashley Pickhills
|
0-0: Called Strike 0-1: Ball 1-1: Foul Ball, location: 2F 1-2: Ground out 6-3 (Groundball, 6S)
|
Batting: RHB Chris Parker
|
0-0: Ball 1-0: Called Strike 1-1: Ball 2-1: Ball 3-1: Base on Balls
|
Batting: RHB José Carlos Caraballo
|
0-0: Ball 1-0: Ball 2-0: Foul Ball, location: 2F 2-1: Swinging Strike 2-2: Strikes out swinging
|
Top of the 8th over - 0 run(s), 0 hit(s), 0 error(s), 1 left on base; El Dorado 4 - Greenville 6 |
BOTTOM OF THE 8TH |
Greenville 84s batting - Pitching for El Dorado Oilers : RHP Rick Grant
|
Batting: LHB Jimmy Vickers
|
0-0: Ball 1-0: Foul Ball, location: 2F 1-1: Ball 2-1: Foul Ball, location: 2F 2-2: Ball 3-2: SINGLE (Groundball, 4MD)
|
Batting: LHB Robert Moore
|
0-0: Ball 1-0: Fly out, F7 (Flyball, 78XD)
|
Batting: LHB José Costa
|
0-0: Ball 1-0: Called Strike 1-1: SINGLE (Groundball, 4) (infield hit) Jimmy Vickers to second
|
Pinch Hitting: LHB George Wood
|
0-0: Ball 1-0: Swinging Strike 1-1: Ball 2-1: SINGLE (Line Drive, 34D) Jimmy Vickers to third José Costa to second
|
Batting: LHB Paco Rosas
|
0-0: Called Strike 0-1: Ball 1-1: Ball 2-1: Ball 3-1: Swinging Strike 3-2: Foul Ball, location: 2F 3-2: Foul Ball, location: 2F 3-2: SINGLE (Line Drive, 4MD) Jimmy Vickers scores José Costa to third George Wood to second
|
Batting: LHB Chris Moore
|
0-0: Called Strike 0-1: Ball 1-1: Swinging Strike 1-2: Ball 2-2: Strikes out swinging
|
Batting: RHB Enzo Díaz
|
0-0: Fielders Choice at 2nd, 6-4 (Groundball, 6)
|
Bottom of the 8th over - 1 run(s), 4 hit(s), 0 error(s), 2 left on base; El Dorado 4 - Greenville 7 |
TOP OF THE 9TH |
El Dorado Oilers batting - Pitching for Greenville 84s : RHP Kenshin Kubota
|
Pitching: LHP Francisco Ríos
|
|
Now in CF: Gilberto Guzmán
|
|
Batting: LHB José Martínez
|
0-0: Called Strike 0-1: Called Strike 0-2: Strikes out swinging
|
Batting: SHB Theron Harper
|
0-0: Called Strike 0-1: Ball 1-1: Foul Ball, location: 2F 1-2: Ball 2-2: Ball 3-2: Foul Ball, location: 2F 3-2: Strikes out looking
|
Batting: RHB Sixto Vélez
|
0-0: Ground out 1-3 (Groundball, 13S)
|
Top of the 9th over - 0 run(s), 0 hit(s), 0 error(s), 0 left on base; El Dorado 4 - Greenville 7 |
|